 Dungeon Crawl Stone Soup version 0.28.0 (webtiles) character file.

Game seed: 2744166844033996743

47 Prodoman the Magician (level 3, -1/24 HPs)
             Began as a Demonspawn Hedge Wizard on Feb 4, 2022.
             Succumbed to a gnoll's poison
             ... on level 2 of the Dungeon.
             The game lasted 00:04:36 (1501 turns).

Prodoman the Magician (Demonspawn Hedge Wizard)     Turns: 1501, Time: 00:04:37

Health: -1/24      AC:  2    Str: 10    XL:     3   Next: 48%
Magic:  4/17       EV: 12    Int: 17    God:
Gold:   54         SH:  0    Dex: 12    Spells: 6/9 levels left

rFire   . . .      SeeInvis .   a - +0 dagger
rCold   . . .      Faith    .   (no shield)
rNeg    . . .      Spirit   .   b - +0 robe
rPois   .          Reflect  .   c - +0 hat
rElec   .          Harm     .   (no cloak)
rCorr   .          Rampage  .   (no gloves)
Will    .....                   (no boots)
Stlth   ++........              (no amulet)
HPRegen 0.08/turn               i - ring of magical power
MPRegen 0.15/turn               (no ring)

@: lethally poisoned (-1 -> -19)
A: horns 1
a: no special abilities


You were on level 2 of the Dungeon.
You visited 1 branch of the dungeon, and saw 2 of its levels.

You collected 54 gold pieces.

Inventory:

Hand Weapons
 a - a +0 dagger (weapon)
Armour
 b - a +0 robe (worn)
 c - a +0 hat (worn)
Jewellery
 i - a ring of magical power (left hand)
Scrolls
 d - a scroll of fear {unknown}
 f - a scroll of silence {unknown}
 g - a scroll of teleportation {unknown}
 j - a scroll of vulnerability {unknown}
Potions
 e - 2 potions of curing {unknown}
 h - a potion of brilliance {unknown}


   Skills:
 + Level 2.2 Dodging
 + Level 2.3 Stealth
 * Level 3.6 Spellcasting
 + Level 1.1 Conjurations
 - Level 1.1 Summonings
 - Level 1.0 Translocations
 + Level 0.2 Fire Magic


You had 6 spell levels left.
You knew the following spells:

 Your Spells              Type           Power      Damage    Failure   Level
a - Magic Dart            Conj           28%        1d4       11%         1
b - Scorch                Fire           6%         2d5       22%         2

Your spell library contained the following spells:

 Spells                   Type           Power      Damage    Failure   Level
 Call Imp                 Summ           6%         N/A       16%         2
 Slow                     Hex            12%        N/A       17%         1
 Blink                    Tloc           12%        N/A       17%         2
 Conjure Flame            Conj/Fire      5%         6-21      36%         3
 Mephitic Cloud           Conj/Pois/Air  4%         N/A       38%         3
 Ignition                 Fire           1%         3d3       100%        8
 Maxwell's Capacitive Co  Air            1%         ∞         100%        8


Dungeon Overview and Level Annotations

Branches:
Dungeon (2/15)

Altars:


Innate Abilities, Weirdness & Mutations

You have a pair of small horns on your head.


Message History

The magic dart hits the gnoll but does no damage.
The gnoll is moderately wounded.
Casting: Magic Dart (safe; 11% risk of failure)
Confirm with . or Enter, or press ? or * to list all spells.
Okay, then.
Casting: Magic Dart (safe; 11% risk of failure)
Confirm with . or Enter, or press ? or * to list all spells.
The spell is quite dangerous to miscast (24% risk of failure)!
Continue anyway?
Flames lash the gnoll.
The gnoll is severely wounded.
The gnoll's fire resistance burns away.
You hear an angry hiss.
The gnoll barely misses you.
Your magical contamination has completely faded away.
Casting: Scorch (quite dangerous; 24% risk of failure)
Confirm with . or Enter, or press ? or * to list all spells.
The spell is quite dangerous to miscast (24% risk of failure)!
Continue anyway?
Flames lash the gnoll.
The gnoll is moderately wounded.
The gnoll's fire resistance burns away.
The gnoll barely misses you.
Casting: Scorch (quite dangerous; 24% risk of failure)
Confirm with . or Enter, or press ? or * to list all spells.
The spell is quite dangerous to miscast (24% risk of failure)!
Continue anyway?
Flames lash the gnoll.
The gnoll is burned terribly!
The gnoll is heavily wounded.
The gnoll hits you from afar with a +0 halberd of venom!
Casting: Scorch (quite dangerous; 24% risk of failure)
Confirm with . or Enter, or press ? or * to list all spells.
The spell is quite dangerous to miscast (24% risk of failure)!
Continue anyway?
Flames lash the gnoll.
The gnoll is burned terribly!
You kill the gnoll!
The gnoll hits you from afar with a +0 halberd of venom!
* * * LOW HITPOINT WARNING * * *
You are lethally poisoned!
Casting: Scorch (safe; 22% risk of failure)
Confirm with . or Enter, or press ? or * to list all spells.
Flames lash the gnoll.
The gnoll is moderately wounded.
The gnoll's fire resistance burns away.
You die...

#....######
##..........
........... .
#........ ..
.......###.#
......... ###
#....##.##
.....####.........
.......gg.@...>#.#
.......###.#.#..<#
.....#. #.#.# ###
.... #. #.# . ...
#g #.# #. .. #g
#.# .# . #. #.# #
#. #.#


You could see 2 gnolls.

Vanquished Creatures
  A gnoll (D:2)
  3 dart slugs (D:1)
  3 bats (D:1)
  3 endoplasms (D:1)
  2 goblins (D:1)
  2 hobgoblins (D:1)
  4 quokkas (D:1)
  4 ball pythons (D:1)
  3 frilled lizards (D:1)
  2 kobolds (D:1)
  4 rats (D:1)
31 creatures vanquished.

Notes
Turn   | Place    | Note
-------+----------+-------------------------------------------
     0 | D:1      | Prodoman the Demonspawn Hedge Wizard began the quest for
                  | the Orb.
     0 | D:1      | Reached XP level 1. HP: 13/13 MP: 4/4
    82 | D:1      | Reached skill level 1 in Translocations
   467 | D:1      | Gained mutation: You have a pair of small horns on your
                  | head. [demonic ancestry]
   467 | D:1      | Reached XP level 2. HP: 19/19 MP: 6/6
   746 | D:1      | Got the Catalogue of the Floating Arsonist
   750 | D:1      | Learned a level 2 spell: Scorch
   978 | D:1      | Reached XP level 3. HP: 24/24 MP: 7/7
  1501 | D:2      | Succumbed to a gnoll's poison

Illustrated notes

Levels and vault maps discovered:
D:1:      psy_arrival_dodecagon, layout_loops_ring
D:2:      layout_basic, grunt_ministairs_8, uniq_natasha

Skill      XL: |  1 |
---------------+----+-----
Translocations | 1 |  1.0
Stealth        | 2 |  2.3
Dodging        | 2 |  2.2
Spellcasting   | |  3.6
Conjurations   | |  1.1
Summonings     | |  1.1
Fire Magic     | |  0.2

Action                   || total
-------------------------++-------
 Cast: Magic Dart        ||    88
       Scorch            ||     5
Armor: Robe              ||     4
Dodge: Dodged            ||    15
